 Dungeon Crawl Stone Soup version 0.31.0-12-g77e489cdc1 (webtiles) character file.

Game seed: 14057064423790221888

258 valliere the Changeling (level 6, -10/46 HPs)
             Began as a Merfolk Shapeshifter on Mar 3, 2024.
             Mangled by a gnoll
             ... wielding a +0 flail
             ... led by a gnoll bouda
              (13 damage)
             ... on level 4 of the Dungeon.
             The game lasted 00:03:16 (2678 turns).

valliere the Changeling (Merfolk Shapeshifter)      Turns: 2678, Time: 00:03:17

Health: -10/46     AC:  2    Str: 17    XL:     6   Next: 16%
Magic:  6/6        EV: 13    Int:  9    God:
Gold:   91         SH:  0    Dex: 13    Spells: 5/5 levels left

rFire   . .          .
                       - Unarmed
rCold   . . .        (no shield)
rNeg    . . .        a - +0 animal skin
rPois   .            (helmet currently unavailable)
rElec   .            (cloak currently unavailable)
rCorr   .            (gloves currently unavailable)
SInv    .            (boots currently unavailable)
Will    .....        (no amulet)
Stlth   +            (no ring)
HPRegen 0.27/turn    (no ring)
MPRegen 0.10/turn

%: no passive effects
@: beast-form
A: beast (slay +3), (nimble swimmer 2), mertail
a: Begin Untransformation


You were on level 4 of the Dungeon.
You were a hulking beast.
You visited 1 branch of the dungeon, and saw 4 of its levels.

You collected 91 gold pieces.

Inventory:

Armour
 a - a +0 animal skin (worn)
Talismans
 c - a beast talisman
 d - a flux talisman
Scrolls
 f - 2 scrolls of identify
 i - a scroll of poison {unknown}
 k - a scroll of vulnerability {unknown}
 m - a scroll of acquirement {unknown}
 o - a scroll of fear {unknown}
 p - 2 scrolls of immolation {unknown}
 q - a scroll of amnesia {unknown}
Potions
 b - a potion of lignification
 e - 2 potions of curing
 g - a potion of attraction
 h - a potion of mutation {unknown}
 j - a potion of enlightenment {unknown}
 l - a potion of heal wounds {unknown}
 n - a potion of brilliance {unknown}


   Skills:
 + Level 2.9 Fighting
 + Level 4.0 Dodging
 * Level 5.0 Unarmed Combat
 * Level 5.7 Shapeshifting


You had 5 spell levels left.
You didn't know any spells.
Your spell library contained the following spells:

 Spells                   Type           Power      Damage    Failure   Level
 Magic Dart               Conj           0%         1d3       38%         1
 Blink                    Tloc           0%         N/A       52%         2
 Call Imp                 Summ           0%         N/A       52%         2
 Searing Ray              Conj           0%         2d4       52%         2
 Dazzling Flash           Conj/Hex       0%         N/A       77%         3
 Ozocubu's Armour         Ice            0%         N/A       77%         3
 Volatile Blastmotes      Fire/Tloc      0%         2d10      77%         3
 Fulminant Prism          Conj/Alch      0%         3d5       99%         4
 Metabolic Englaciation   Hex/Ice        0%         N/A       100%        5
 Sculpt Simulacrum        Ice/Alch       0%         N/A       100%        6
 Starburst                Conj/Fire      0%         6d3       100%        6
 Maxwell's Capacitive Co  Air            0%         ∞         100%        8


Dungeon Overview and Level Annotations

Branches:
Dungeon (4/15)
 Temple: D:4-7

Altars:
Yredelemnul


Innate Abilities, Weirdness & Mutations

You are a hulking beast.
Your limbs bulge with bestial killing power. (Slay +3)
((You are very nimble when in or above water. (Stealth+, EV+, Speed+++)))
Your lower body shifts to a powerful aquatic tail in water.


Message History

A gnoll bouda comes into view. It is wielding a +0 whip of venom.
The gnoll bouda shouts!
You hit the gnoll.
The gnoll is heavily wounded.
You hear a shout!
The gnoll hits you from afar with a +0 spear.
The gnoll hits you with a +0 flail! The gnoll barely misses you.
You barely miss the gnoll.
The gnoll is heavily wounded.
An endoplasm comes into view.
The gnoll hits you from afar with a +0 spear.
A gnoll comes into view. It is wielding a +0 club.
The gnoll hits you with a +0 whip!
You are too injured to fight recklessly!
You are too injured to fight recklessly!
You are too injured to fight recklessly!
You are too injured to fight recklessly!
You are too injured to fight recklessly!
You are too injured to fight recklessly!
You are too injured to fight recklessly!
You are too injured to fight recklessly!
You are too injured to fight recklessly!
You are too injured to fight recklessly!
You are too injured to fight recklessly!
You are too injured to fight recklessly!
You are too injured to fight recklessly!
You are too injured to fight recklessly!
Unknown command.
The endoplasm quivers.
You hit the gnoll.
The gnoll is severely wounded.
The gnoll hits you with a +0 flail.
The gnoll hits you from afar with a +0 spear.
* * * LOW HITPOINT WARNING * * *
The gnoll hits you with a +0 whip!
* * * LOW HITPOINT WARNING * * *
The gnoll hits you with a +0 whip.
* * * LOW HITPOINT WARNING * * *
The gnoll hits you with a +0 flail!
You die...

...# g..# ...#
####g..##
#.......###
##.g........
#.g.....J...
##.g........
#h†##.....#
#....#......##
#..?.........#
##............
##...........
.(..........
...........
..........


You could see a gnoll bouda, 4 gnolls and an endoplasm.

Vanquished Creatures
  A phantom (D:3)
  A howler monkey (D:3)
  A gnoll (D:1)
  7 adders
  A dart slug (D:1)
  7 endoplasms
  4 giant cockroaches
  12 goblins
  5 hobgoblins
  3 jackals (D:1)
  8 kobolds
  4 quokkas
  9 ball pythons
  2 bats
  6 frilled lizards
  3 rats (D:3)
74 creatures vanquished.

Notes
Turn   | Place    | Note
-------+----------+-------------------------------------------
     0 | D:1      | valliere the Merfolk Shapeshifter began the quest for the
                  | Orb.
     0 | D:1      | Reached XP level 1. HP: 15/15 MP: 1/1
   139 | D:1      | Reached XP level 2. HP: 21/21 MP: 2/2
   246 | D:1      | Reached XP level 3. HP: 19/26 MP: 3/3
  1135 | D:2      | Reached XP level 4. HP: 28/33 MP: 4/4
  1617 | D:2      | Reached skill level 5 in Shapeshifting
  1936 | D:3      | Found a basalt altar of Yredelemnul.
  1946 | D:3      | Reached XP level 5. HP: 25/38 MP: 5/5
  2548 | D:3      | Noticed a phantom
  2559 | D:3      | Killed a phantom
  2560 | D:3      | Reached skill level 5 in Unarmed Combat
  2560 | D:3      | Reached XP level 6. HP: 35/46 MP: 6/6
  2678 | D:4      | Mangled by a gnoll

Illustrated notes

Levels and vault maps discovered:
D:1:      dpeg_arrival_arbitrary_c, layout_loops_ring
D:2:      layout_loops_corners
D:3:      layout_rooms, mainiacjoe_overflow_small_starburst, grunt_ministairs_3
D:4:      layout_cave_pools, zin_scriptorium, overflow_temple_1_default,
          minmay_temple_entry_large_hall, nicolae_shop_fire_sale
          [nicolae_sub_dead_trees], serial_bayou_ford_a,
          hangedman_decor_peaks_small, hangedman_decor_lopped

Skill      XL: |  1  2  3  4  5 |
---------------+----------------+-----
Dodging        | 3 4 |  4.0
Unarmed Combat | 4 5 |  5.0
Fighting       | 2 |  2.9
Shapeshifting  | 5 |  5.7

Action                     |  1- 3 |  4- 6 || total
---------------------------+-------+-------++-------
  Melee: Unarmed           |   106 |   106 ||   212
         Punch             |     2 |     2 ||     4
    Use: Scroll            |       |     2 ||     2
   Stab: Sleeping          |     3 |     1 ||     4
         Distracted        |     1 |       ||     1
 Armour: Animal skin       |    42 |    40 ||    82
  Dodge: Dodged            |    59 |    64 ||   123
